 Dungeon Crawl Stone Soup version 0.14-a0-1969-g2c76abe (webtiles) character file.

941 Kae the Sneak (level 7, -6/32 HPs)
             Began as a Spriggan Enchanter on Jan 16, 2014.
             Mangled by Pikel
             ... wielding a +2,+2 whip of freezing
              (10 damage)
             ... on Level 5 of the Dungeon.
             The game lasted 00:11:46 (4810 turns).

Kae the Sneak (Spriggan Enchanter)                  Turns: 4810, Time: 00:11:47

HP  -6/32        AC  3     Str  6      XL: 7   Next: 17%
MP   3/21        EV 18     Int 22      God:
Gold 346         SH  0     Dex 16      Spells:  3 memorised,  9 levels left

rFire  . . .     SeeInvis +     a - +1 dagger
rCold  . . .     Clarity  .     b - +1 robe
rNeg   . . .     Conserve .     (shield restricted)
rPois  .         rCorr    .     (helmet restricted)
rElec  .         rRot     .     (no cloak)
SustAb . .       Spirit   .     (gloves unavailable)
rMut   .         Warding  .     (boots unavailable)
Saprov . . .     Stasis   .     (no amulet)
MR     +....                    (no ring)
                                (no ring)

@: brilliant, very quick, somewhat resistant to hostile enchantments, very
stealthy
A: unfitting armour, see invisible, herbivore 3, speed 3, slow metabolism 2
a: no special abilities


You were on level 5 of the Dungeon.
You were not hungry.

You visited 1 branch of the dungeon, and saw 5 of its levels.

You collected 346 gold pieces.

Inventory:

Hand weapons
 a - a +1,+1 dagger (weapon)
Missiles
 d - 12 darts (quivered)
 t - 4 tomahawks
Armour
 b - a +1 robe (worn)
Comestibles
 h - 3 bread rations
 j - 53 grapes
 q - 7 strawberries
 s - 2 cheeses
 w - a pear
Scrolls
 e - 2 scrolls of teleportation {unknown}
 f - a scroll of random uselessness {unknown}
 l - 3 scrolls of magic mapping {unknown}
 m - 5 scrolls of identify {unknown}
 n - 3 scrolls of remove curse {unknown}
 r - 2 scrolls of enchant armour {unknown}
 v - a scroll of enchant weapon I {unknown}
Jewellery
 i - an uncursed amulet of the gourmand {unknown}
 k - an uncursed ring of invisibility {unknown}
 p - an uncursed ring of protection from cold {unknown}
Potions
 g - a potion of curing
 o - 3 potions of brilliance
 u - a potion of beneficial mutation {unknown}
Books
 c - a book of Maledictions

   Spells                             Type                      Level
   *Corona                            Hexes                        1
   Sure Blade                         Hexes/Charms                 2
   *Ensorcelled Hibernation           Hexes/Ice                    2
   *Confuse                           Hexes                        3
   Enslavement                        Hexes                        4
   Invisibility                       Hexes                        6


   Skills:
 * Level 4.6 Short Blades
 - Level 1.1 Throwing
 - Level 3.0 Dodging
 * Level 7.7 Stealth
 + Level 4.5 Spellcasting
 + Level 5.3 Hexes


You had 9 spell levels left.
You knew the following spells:

 Your Spells              Type           Power        Failure   Level  Hunger
a - Corona                Hex            #####..      1%          1    None
b - Ensorcelled Hibernat  Hex/Ice        ####..       1%          2    None
c - Confuse               Hex            #####...     1%          3    ##.....


Dungeon Overview and Level Annotations

Branches:
Dungeon (5/16)
 Temple: D:4-7

Altars:
Kikubaaqudgha
Okawaru
Sif Muna
Xom
Yredelemnul
the Shining One

Shops:
D:4 (

Annotations:
D:5 Pikel


Innate Abilities, Weirdness & Mutations

You are tiny and cannot use many weapons and most armour.
You have supernaturally acute eyesight.
You are a herbivore.
You cover ground extremely quickly.
You need consume almost no food.


Message History

You hit Pikel but do no damage.
Pikel is almost dead.
You hit Pikel but do no damage.
Pikel is almost dead.
Pikel completely misses you.
You hit Pikel but do no damage.
Pikel is almost dead.
Pikel misses you.
You hit Pikel but do no damage.
Pikel is almost dead.
Pikel hits you but does no damage.
Drink which item? (? for menu, Esc to quit)
Drink which item? (? for menu, Esc to quit)
Okay, then.
You closely miss Pikel.
Pikel is almost dead.
You hit Pikel but do no damage.
Pikel is almost dead.
Pikel hits you with a whip of freezing!
You die...

.....# #
....# #.
... #.
#.#
#.##<#
#....#
#....#
#....#
#...#@#
#...#K#
#...#@#
#...##@#
#... #@.
#... #..
#.. #..
#.## #..


You could see Pikel and 3 slaves.

Vanquished Creatures
  A slave (D:5)
  The ghost of mopl the Sneak, an average OpEn (D:3)
  An orc priest (D:4)
  4 crimson imps (D:4)
  A worker ant (D:4)
  An iguana (D:4)
  An orc wizard (D:4)
  10 gnolls
  7 adders
  2 worms
  2 grey rats (D:3)
  3 giant geckos
  4 orcs (D:4)
  4 ball pythons
  10 bats
  2 bat zombies (D:2)
  2 giant cockroaches
  8 hobgoblins
  8 jackals (D:3)
  8 kobolds
  3 oozes
  2 quokkas
  5 giant newts
  10 goblins
  24 rats
  A rat skeleton (D:4)
125 creatures vanquished.

Notes
Turn   | Place    | Note
--------------------------------------------------------------
     0 | D:1      | Kae, the Spriggan Enchanter, began the quest for the Orb.
     0 | D:1      | Reached XP level 1. HP: 9/9 MP: 4/4
   187 | D:1      | Reached XP level 2. HP: 11/13 MP: 7/7
   199 | D:1      | Learned a level 2 spell: Ensorcelled Hibernation
  1211 | D:2      | Reached XP level 3. HP: 13/16 MP: 6/11
  1268 | D:2      | Reached skill level 4 in Stealth
  1579 | D:2      | Reached XP level 4. HP: 21/21 MP: 4/13
  1844 | D:2      | Found an ancient bone altar of Kikubaaqudgha.
  1996 | D:3      | Found a glowing golden altar of the Shining One.
  2010 | D:3      | Noticed mopl's ghost (average OpEn)
  2041 | D:2      | Learned a level 3 spell: Confuse
  2051 | D:3      | Killed mopl's ghost
  2051 | D:3      | Reached skill level 5 in Stealth
  2051 | D:3      | Reached XP level 5. HP: 24/24 MP: 11/16
  2577 | D:3      | Found a basalt altar of Yredelemnul.
  2906 | D:3      | Reached skill level 6 in Stealth
  3093 | D:3      | Reached XP level 6. HP: 15/28 MP: 6/18
  3406 | D:3      | Found a deep blue altar of Sif Muna.
  3777 | D:4      | Found Pnuhedwidic's Antique Weapon Emporium.
  4077 | D:4      | Found a shimmering altar of Xom.
  4197 | D:4      | Reached skill level 7 in Stealth
  4197 | D:4      | Reached skill level 5 in Hexes
  4368 | D:4      | Found an iron altar of Okawaru.
  4382 | D:4      | Reached XP level 7. HP: 21/32 MP: 7/21
  4790 | D:5      | Entered Level 5 of the Dungeon
  4790 | D:5      | Noticed Pikel
  4810 | D:5      | Mangled by Pikel

Action                   |  1- 3 |  4- 6 |  7- 9 || total
-------------------------+-------+-------+-------++-------
Melee: Dagger            |   146 |   239 |    30 ||   415
 Cast: Ensorcelled Hiber |    18 |    53 |    17 ||    88
       Corona            |     5 |     2 |     2 ||     9
       Confuse           |       |     3 |       ||     3
  Use: Potion            |       |     3 |     1 ||     4
 Stab: Sleeping          |    15 |    37 |     8 ||    60
       Confused          |       |     3 |       ||     3
       Distracted        |       |     2 |       ||     2
